Unix NetHack Version 3.7.0-101 Work-in-progress - last build Apr 1 2024 13:39:02 (cf3915abb6dcc6e3362b2b16a766b7b4f6c45fc9,branch:master). Game began 2024-04-05 22:33:03, ended 2024-04-05 22:56:42. finitelycraig, lawful female human Priestess --- --- ----- |. . ...| -.- --------. --------...| |.| |]!(|..|.------|. |?++|...| -.+ |(((|..|.|.....|. |?+.|...| ------ |.---|...||--.|..%..||-|.+.|...| +....| |....--|--....|.....|..--|--...| #|.$..| |.............|.....|..........|#########...<.| |...........{.--|----.{........|# # ------ |..............................|# ## ....-|----+-...........---|-...|# # |...|...| |---.-------|...|...| #### |.[.|...| |..-.|.%%| |(((|...|# @ |...|...|--|..|.-..!| |(((|....##f# |...-----..----.-----+------...| |..............................| -------------------------------- Finitelycraig the Adept St:5 Dx:11 Co:14 In:12 Wi:18 Ch:12 Lawful Dlvl:6 $:40 HP:0(42) Pw:63(86) AC:7 Xp:6/473 T:2842 Burdened Latest messages: The leprechaun misses Lucey. You can hear again. Lucey bites the leprechaun. The leprechaun hits Lucey. Lucey bites the leprechaun. The leprechaun is killed! Lucey grows up into a large dog. # You begin praying to Athena. Lucey eats an uncursed leprechaun corpse. You finish your prayer. You feel that Athena is displeased. # You begin praying to Athena. You finish your prayer. You feel that Athena is displeased. You swap places with Lucey. You faint from lack of food. You regain consciousness. You faint from lack of food. You regain consciousness. What do you want to eat? [efswG or ?*] This cram ration is bland. You can hear again. You stop eating the cram ration. You feel hungry. Your movements are only slowed slightly by your load. What do you want to eat? [efswG or ?*] This food really hits the spot! You finish eating the food ration. Where do you want to travel to? (For instructions type a '?') The jaguar hits! The jaguar hits again! The jaguar bites! The jaguar hits! The jaguar hits again! The jaguar bites! You hit the jaguar! The jaguar hits! The jaguar hits again! The jaguar bites! You miss the jaguar. The jaguar hits! The jaguar hits again! The jaguar bites! The jaguar hits! The jaguar hits again! The jaguar bites! You die... Inventory: Coins ('$') $ - 40 gold pieces Amulets ('"') t - a cursed amulet of change Weapons (')') Q - 4 uncursed +0 crossbow bolts R - an uncursed +0 crossbow C - 3 uncursed +0 daggers S - an uncursed +0 dwarvish spear P - a blessed +1 aklys a - a blessed +1 mace (weapon in right hand) Armor ('[') T - a cursed +0 dwarvish iron helm U - an uncursed +0 pair of iron shoes c - an uncursed +0 small shield (being worn) I - an uncursed +0 robe (being worn) Comestibles ('%') e - an uncursed clove of garlic G - an uncursed partly eaten cram ration w - an uncursed fortune cookie f - 2 uncursed sprigs of wolfsbane Scrolls ('?') n - an uncursed scroll of amnesia l - a blessed scroll of identify K - an uncursed scroll of magic mapping A - an uncursed scroll of teleportation Spellbooks ('+') g - an uncursed spellbook of healing h - an uncursed spellbook of remove curse Potions ('!') p - an uncursed potion of gain ability i - a blessed potion of levitation r - an uncursed potion of paralysis m - an uncursed potion of restore ability d - 3 potions of holy water Wands ('/') V - an uncursed wand of lightning (0:5) k - an uncursed wand of sleep named stop (0:4) Tools ('(') b - an uncursed bag of tricks (0:15) H - an uncursed pair of lenses L - an uncursed +0 pick-axe Gems/Stones ('*') v - an uncursed fluorite stone E - an uncursed worthless piece of black glass y - 2 cursed worthless pieces of black glass D - 2 uncursed worthless pieces of green glass q - an uncursed worthless piece of orange glass u - an uncursed worthless piece of red glass z - an uncursed worthless piece of white glass J - an uncursed worthless piece of yellow glass Finitelycraig the Priestess's attributes: Background: You were an Adept, a level 6 human Priestess. You were lawful, on a mission for Athena who was opposed by Hermes (neutral) and Poseidon (chaotic). You were right-handed. You were in the Gnomish Mines, on level 6. You entered the dungeon 2842 turns ago. It was nighttime. You had 473 experience points, 167 more were needed to attain level 7. Basics: You had 0 out of 42 hit points. You had 63 out of 86 energy points (spell power). Your armor class was 7. Your wallet contained 40 zorkmids. Autopickup was on for '$?!"=/*', with exceptions. Final Characteristics: Your strength was 5 (peak:12, limit:18/100). Your dexterity was 11 (limit:18). Your constitution was 14 (limit:18). Your intelligence was 12 (limit:18). Your wisdom was 18 (limit:18). Your charisma was 12 (limit:18). Final Status: You weren't hungry. You were burdened; movement was slightly slowed. You were wielding a mace. You were skilled in mace. Final Attributes: You were fervently aligned. You were guarded. You were unlucky. You are dead. Miscellaneous: You disabled loading of bones levels. Total elapsed playing time was 21 minutes and 53 seconds. Major events: Turn 1: finitelycraig the lawful human Priestess entered the dungeon 749: attained the rank of Acolyte (level 3) 953: entered the Gnomish Mines 1991: reached Mine Town 2529: attained the rank of Adept (level 6) 2842: killed by a jaguar Vanquished creatures: a watch captain a ghost a leprechaun an imp 3 gnome leaders 2 gnomish wizards a giant ant 4 dwarves a kobold shaman 2 centipedes a werejackal an iguana 4 killer bees a coyote a hobbit 3 manes 5 giant rats 22 gnomes a gecko 9 jackals a fox 2 kobolds a grid bug 2 kobold zombies 3 newts 74 creatures vanquished. No species were genocided or became extinct. Voluntary challenges: You read items or engraved 5 times. You never engraved Elbereth. You never genocided any monsters. You never polymorphed an object. You never changed form. You used no wishes. Achievements: You attained the rank of Acolyte. You entered the Gnomish Mines. You entered Minetown. You entered a temple. You entered a shop. You attained the rank of Adept. The Dungeons of Doom: levels 1 to 4 Level 1: Many fountains. Level 2: A fountain. Level 3: A fountain. Stairs down to The Gnomish Mines. Level 4: The Gnomish Mines: levels 4 to 6 Level 4: Level 5: Level 6: <- You were here. A temple and an altar to Athena, some fountains. Final resting place for you, killed by a jaguar. Game over: ---------- / \ / REST \ / IN \ / PEACE \ / \ | finitelycraig | | 40 Au | | killed by a | | jaguar | | | | | | 2024 | *| * * * | * _________)/\\_//(\/(/\)/\//\/|_)_______ Goodbye finitelycraig the Priestess... You died in The Gnomish Mines on dungeon level 6 with 2632 points, and 40 pieces of gold, after 2842 moves. You were level 6 with a maximum of 42 hit points when you died.